[Event "Titled Tuesday Blitz February 15 Late 2022"]
[White "Coelho, Ramyres Santana"]
[Black "Horak, Martin"]
[WhiteFideId "2120690"]
[BlackFideId "367095"]
[WhiteElo "1888"]
[BlackElo "1997"]
[Result "0-1"]
[Round "06"]
[TimeControl "180+1"]
[Date "2022.02.16"]
[WhiteClock "0:00:31"]
[BlackClock "0:00:02"]

1. e4 c5 2. Nf3 d6 3. d4 cxd4 4. Nxd4 Nf6 5. Nc3 g6 6. f4 Nc6 7. Nxc6 bxc6 8. e5 Nd7 9. exd6 exd6 10. Bd3 Bg7 11. Qe2+ Qe7 12. Qxe7+ Kxe7 13. O-O Re8 14. Re1+ Kd8 15. Rxe8+ Kxe8 16. Ne4 Ke7 17. c3 d5 18. Ng5 Nc5 19. Bc2 d4 20. Bd2 h6 21. Re1+ Kf8 22. Ne4 Nxe4 23. Bxe4 Be6 24. cxd4 Bxd4+ 25. Kh1 Bd5 26. Bxd5 cxd5 27. Bb4+ Kg7 28. Bc3 Bxc3 29. bxc3 Rc8 30. Rc1 Rc4 31. g3 d4 32. Kg2 Rxc3 33. Rd1 d3 34. Kf3 Ra3 35. Ke3 d2+ 36. Kxd2 Rxa2+ 37. Ke3 Rxh2 38. Rd7 Ra2 39. g4 Ra3+ 40. Ke4 Ra4+ 41. Kf3 g5 42. f5 Rf4+ 43. Kg3 a5 44. Ra7 a4 45. Ra6 h5 46. gxh5 Rxf5 47. Kg4 Rb5 48. h6+ Kh7 49. Rxa4 Kxh6 50. Ra6+ Kg7 51. Ra4 f6 52. Rc4 Kg6 53. Rc6 Re5 54. Rd6 Re4+ 55. Kf3 Ra4 56. Kg3 Kf5 57. Kf3 Ra3+ 58. Kg2 g4 59. Kf2 Kg5 60. Kg2 f5 61. Kf2 Kf4 62. Rd4+ Ke5 63. Rb4 Ra2+ 64. Kg3 Ra3+ 65. Kh4 Rh3+ 66. Kg5 g3 67. Rb5+ Ke4 68. Rb4+ Kf3 69. Kxf5 g2 70. Rb3+ Kf2 71. Rxh3 g1=Q 72. Rh5 Qb1+ 73. Kg5 Kg3 74. Rh6 Qc1+ 75. Kg6 Kg4 76. Rh8 Qc6+ 77. Kg7 Kg5 78. Rg8 Qd7+ 79. Kf8+ Kh6 80. Rh8+ Kg6 81. Rg8+ Kf6 82. Rg6+ Ke5 83. Rg5+ Kf6 84. Rg6+ Kf5 85. Rg7 Qc8+ 86. Kf7 Qd8 87. Rg8 Qd5+ 88. Kf8 Kf6 89. Rg7 Qd8# 0-1


[Site "https://www.chess.com"]

[Event "Titled Tuesday Blitz February 15 Late 2022"]
[White "Cori T., Deysi"]
[Black "Demchenko, Anton"]
[WhiteFideId "3801934"]
[BlackFideId "4160258"]
[WhiteElo "2350"]
[BlackElo "2539"]
[Result "0-1"]
[Round "06"]
[TimeControl "180+1"]
[Date "2022.02.15"]
[WhiteClock "0:00:04"]
[BlackClock "0:00:08"]

1. d4 Nf6 2. Nf3 d6 3. g3 g6 4. Bg2 Bg7 5. O-O O-O 6. b3 Nbd7 7. Bb2 Re8 8. Nbd2 a5 9. a4 e5 10. dxe5 dxe5 11. Nc4 e4 12. Nd4 Nc5 13. Nb5 Qe7 14. Qc1 b6 15. Rd1 Bb7 16. Qf4 Rac8 17. Qh4 h6 18. Ne3 Rcd8 19. Nd4 Qe5 20. Nc4 Qg5 21. Qxg5 hxg5 22. Nb5 Rxd1+ 23. Rxd1 Nd5 24. Bc1 g4 25. Ne3 Nxe3 26. Bxe3 Be5 27. h3 gxh3 28. Bxh3 f5 29. Bg2 Na6 30. Bf4 Bxf4 31. gxf4 Re7 32. Rd8+ Kf7 33. e3 Nb4 34. Bf1 Nxc2 35. Bc4+ Kg7 36. Rg8+ Kh6 37. Rh8+ Rh7 38. Rb8 Bc6 39. Rc8 Bxb5 40. Bxb5 Ne1 41. Be2 Rd7 42. Kh2 Nd3 43. Kg3 Kg7 44. Re8 Kf7 45. Rc8 Kf6 46. f3 exf3 47. Kxf3 Nc5 48. Bc4 Ne4 49. Rf8+ Kg7 50. Rg8+ Kh6 51. Ke2 Nd6 52. Be6 Re7 53. Bd5 Ne4 54. Kf3 Nf6 55. Rd8 Rd7 56. Rxd7 Nxd7 57. Bc4 Nc5 58. Bd5 Kg7 59. Bc4 Kf6 60. Bd5 Ke7 61. Bc4 Nb7 62. Bd5 Nd6 63. Bc6 Ke6 64. Ke2 Kf6 65. Kd3 g5 66. fxg5+ Kxg5 67. Kd4 Kf6 68. Bd7 Ke7 69. Bc6 Ke6 70. Bd5+ Kf6 71. Bc6 Nf7 72. Bd7 Ne5 73. Be8 Ng4 74. Bc6 Ke6 75. Bb7 c5+ 76. Kd3 Ne5+ 77. Kc3 Kf6 78. Bc8 Nf7 79. Bd7 Nd6 80. Kd3 Ke5 81. Bc6 Nf7 82. Bd7 Nd6 83. Bc6 Ke6 84. Kc3 Kf6 85. Bd5 Ke5 86. Bc6 Ke6 87. Kd3 Ke5 88. Kc3 f4 89. exf4+ Kxf4 90. Bd7 Ke5 91. Bc6 Ke6 92. Bf3 Kf6 93. Bg4 Ke5 94. Bf3 Kf4 95. Bd5 Ke3 96. Bc6 Kf2 97. Bd5 Kg3 98. Bc6 Kg4 99. Bd5 Kf5 100. Bc6 Ke5 101. Ba8 Ke6 102. Bf3 Kd7 103. Bd5 Kc7 104. Bf3 Ne8 105. Be2 Nf6 106. Bf3 Nd7 107. Be4 Ne5 108. Bd5 Nc6 109. Kc4 Nd4 110. Be4 Ne6 111. Bd5 Ng5 112. Kc3 Kd6 113. Bc4 Ne4+ 114. Kd3 Ke5 115. Ba6 Nd6 116. Kc3 Kf4 117. Bd3 Ke3 118. Bg6 Ke2 119. Bh7 Kd1 120. Bg6 Kc1 121. Bh7 Kd1 122. Bg6 Ke2 123. Bh7 Ke3 124. Bg6 Kf4 125. Bh7 Ke5 126. Bd3 Ne8 127. Bg6 Nc7 128. Kc4 Kd6 129. Bf7 Kc6 130. Bg8 Ne8 131. Bd5+ Kc7 132. Bf3 Nd6+ 133. Kd5 c4 134. bxc4 Nb7 135. Kd4 Nc5 136. Bd1 Kd6 137. Bc2 Ne6+ 138. Kc3 Kc5 139. Bf5 Nf4 140. Bd7 Ne2+ 141. Kd3 Nd4 142. Bb5 Nf3 143. Kc3 Ne5 144. Kb3 Kd4 145. Ba6 Nd3 146. Bb5 Nc5+ 147. Ka3 Kc3 148. Ka2 Nb3 149. Bc6 Nd2 150. Ka3 Nxc4+ 151. Ka2 Kb4 152. Bb5 Ne5 153. Be8 Nf3 154. Kb2 Nd2 155. Bd7 Ne4 156. Be8 Nc3 157. Kc2 Nxa4 158. Kb1 Nc5 159. Kb2 b5 160. Kc2 a4 161. Kb2 Nd3+ 162. Ka2 Ne5 163. Bh5 Nc4 164. Be2 Nd6 165. Bd3 Nb7 166. Be2 Ka5 167. Kb2 b4 168. Bc4 Nc5 169. Ka2 Nd7 170. Be6 Ne5 171. Bd5 Kb6 172. Kb2 Kc5 173. Be6 Nc4+ 174. Kc2 Nb6 175. Bf7 Nd5 176. Be8 Nb6 177. Bf7 Kd4 178. Bg8 Nc4 179. Bf7 b3+ 180. Kb1 a3 181. Ka1 Kc3 182. Be6 b2+ 183. Ka2 Nd2 184. Bf5 Kb4 185. Bc2 Nc4 186. Be4 Nd6 187. Bd3 Nb7 188. Bc2 Nc5 189. Kb1 Na4 190. Bxa4 Kxa4 191. Ka2 Kb4 192. Kb1 Kc3 193. Ka2 Kc2 194. Kxa3 b1=Q 195. Ka4 Qb6 196. Ka3 Qb3# 0-1


[Site "https://www.chess.com"]

[Event "Titled Tuesday Blitz February 15 Late 2022"]
[White "Csonka, Balazs"]
[Black "Przybylski, Wojciech"]
[WhiteFideId "742910"]
[BlackFideId "1117599"]
[WhiteElo "2404"]
[BlackElo "2133"]
[Result "0-1"]
[Round "06"]
[TimeControl "180+1"]
[Date "2022.02.16"]
[WhiteClock "0:00:01"]
[BlackClock "0:00:06"]

1. e4 e5 2. Nf3 Nf6 3. Nxe5 d6 4. Nf3 Nxe4 5. Nc3 Nxc3 6. dxc3 Be7 7. Be3 Nc6 8. Qd2 Ne5 9. Be2 O-O 10. O-O-O c6 11. c4 Re8 12. Nxe5 dxe5 13. Qc3 Qc7 14. Rd2 Be6 15. Rhd1 f5 16. f3 Bf6 17. Qb4 b6 18. c5 b5 19. Rd6 a5 20. Qd2 Rad8 21. Kb1 Be7 22. Rxd8 Rxd8 23. Qe1 Rd5 24. c4 bxc4 25. Rc1 Rd3 26. Bxd3 cxd3 27. Bd2 a4 28. Qe3 Qd7 29. Qxe5 Bf6 30. Qd6 Qc8 31. Qxd3 f4 32. Ka1 Kf7 33. Bc3 Be7 34. Qxh7 Bf8 35. Re1 Bf5 36. Qh5+ Bg6 37. Qe5 Qd7 38. Qxf4+ Kg8 39. Qxa4 Bf7 40. Qd1 Qa7 41. a3 Bxc5 42. Qd8+ Kh7 43. Qh4+ Kg8 44. Qd8+ Kh7 45. Qd3+ Bg6 46. Qc4 Bxa3 47. Re4 Bd6+ 48. Kb1 Be7 0-1


[Site "https://www.chess.com"]

[Event "Titled Tuesday Blitz February 15 Late 2022"]
[White "De Arruda, Leandro Formes"]
[Black "Saim, Mohamed Ilias"]
[WhiteFideId "22722009"]
[BlackFideId "7900465"]
[WhiteElo "1780"]
[BlackElo "2006"]
[Result "1-0"]
[Round "06"]
[TimeControl "180+1"]
[Date "2022.02.16"]
[WhiteClock "0:02:59"]
[BlackClock "0:01:57"]

1. d4 Nf6 2. Nf3 e6 3. e3 d5 4. Bd3 c5 5. c3 Nc6 6. Nbd2 Be7 7. O-O O-O 8. Ne5 a6 9. f4 Qc7 10. Rf3 Ne8 11. Bxh7+ Kxh7 12. Rh3+ Kg8 13. Qh5 a5 14. Qh8# 1-0


[Site "https://www.chess.com"]

[Event "Titled Tuesday Blitz February 15 Late 2022"]
[White "Deac, Bogdan-Daniel"]
[Black "Mladenovic, Stefan"]
[WhiteFideId "1226380"]
[BlackFideId "942227"]
[WhiteElo "2646"]
[BlackElo "2355"]
[Result "1-0"]
[Round "06"]
[TimeControl "180+1"]
[Date "2022.02.15"]
[WhiteClock "0:00:51"]
[BlackClock "0:00:03"]

1. e4 c5 2. Nf3 d6 3. Bb5+ Bd7 4. c4 Nf6 5. Nc3 g6 6. d4 cxd4 7. Nxd4 Bg7 8. Be3 O-O 9. f3 a6 10. Bxd7 Qxd7 11. b3 Nc6 12. O-O Nxd4 13. Bxd4 b5 14. Qe2 bxc4 15. Qxc4 Rfc8 16. Qd3 Rc6 17. Rad1 Rac8 18. Na4 Qb7 19. Be3 Qb5 20. g3 Rc2 21. Rf2 Rxf2 22. Bxf2 Qxd3 23. Rxd3 Rc1+ 24. Kg2 Rc2 25. a3 Nd7 26. b4 Ne5 27. Rc3 Rxc3 28. Nxc3 Nxf3 29. Nd5 Nd2 30. Nxe7+ Kf8 31. Nd5 Nxe4 32. Nc7 Bb2 33. a4 Nc3 34. b5 Nxb5 35. axb5 axb5 36. Nxb5 Ke7 37. Kf3 Ke6 38. Nc7+ Kd7 39. Nd5 Ke6 40. Nf4+ Ke7 41. g4 f5 42. gxf5 gxf5 43. Be3 Kf6 44. Bd2 Be5 45. Bb4 Kf7 46. h3 Kf6 47. Nd3 Bh2 48. Nf4 Kf7 49. Bxd6 Bg1 50. Be5 Bb6 51. Kg3 Bd8 52. Kf3 Be7 53. Ke3 Bd8 54. Kd4 Be7 55. Kd5 Bd8 56. Nd3 Kg6 57. Bg3 Kg5 58. Ke6 Ba5 59. Ne5 f4 60. Nf3+ Kg6 61. Bxf4 Kh5 62. Kf5 Bc3 63. Bg3 Kh6 64. Ne5 Kg7 65. Ng4 Bd2 66. Be5+ Kf7 67. Bf4 Bc3 68. Kg5 Bg7 69. Be5 Bf8 70. Kf5 Be7 71. Nf6 Bf8 72. Nxh7 Kg8 73. Nxf8 Kxf8 74. Kg6 1-0


[Site "https://www.chess.com"]

[Event "Titled Tuesday Blitz February 15 Late 2022"]
[White "Debray, Christopher"]
[Black "Tan, Jun Ying"]
[WhiteFideId "630810"]
[BlackFideId "5710413"]
[WhiteElo "2369"]
[BlackElo "1827"]
[Result "1/2-1/2"]
[Round "06"]
[TimeControl "180+1"]
[Date "2022.02.16"]
[WhiteClock "0:00:53"]
[BlackClock "0:00:50"]

1. d4 Nf6 2. c4 c5 3. Nf3 cxd4 4. Nxd4 e5 5. Nb5 d5 6. cxd5 Bc5 7. N5c3 O-O 8. g3 Bf5 9. Bg2 h6 10. O-O e4 11. Nd2 Re8 12. Nc4 Nbd7 13. Be3 a6 14. a4 Ng4 15. Bd4 Rc8 16. d6 Bxd4 17. Qxd4 Nge5 18. Nxe5 Rxe5 19. Nxe4 Qe8 20. Nc3 b5 21. axb5 axb5 22. Ra7 Kh7 23. g4 Rc4 24. Qxc4 bxc4 25. gxf5 Rxf5 26. Be4 g6 27. Bxf5 gxf5 28. Nd5 Qxe2 29. Rxd7 Qg4+ 30. Kh1 Qf3+ 31. Kg1 Qg4+ 32. Kh1 Qf3+ 33. Kg1 Qg4+ 1/2-1/2


[Site "https://www.chess.com"]

[Event "Titled Tuesday Blitz February 15 Late 2022"]
[White "Degardin, Sylvain"]
[Black "Goryachkina, Aleksandra"]
[WhiteFideId "20623070"]
[BlackFideId "4147103"]
[WhiteElo "2156"]
[BlackElo "2426"]
[Result "1/2-1/2"]
[Round "06"]
[TimeControl "180+1"]
[Date "2022.02.16"]
[WhiteClock "0:00:04"]
[BlackClock "0:00:05"]

1. d4 d5 2. c4 dxc4 3. e4 e5 4. Nf3 Bb4+ 5. Nc3 exd4 6. Qxd4 Qxd4 7. Nxd4 Nf6 8. f3 O-O 9. Bxc4 Nbd7 10. Bd2 Ne5 11. Be2 Rd8 12. Nc2 Be7 13. Bf4 Bd6 14. Bg5 h6 15. Bxf6 gxf6 16. O-O-O Ng6 17. g3 Bd7 18. f4 Re8 19. Bf3 Rad8 20. Nd5 Kg7 21. Rhe1 Bc6 22. Nd4 Bd7 23. Nf5+ Bxf5 24. exf5 Rxe1 25. Rxe1 Nf8 26. Nc3 c6 27. Rd1 Bc7 28. Rxd8 Bxd8 29. Ne4 Be7 30. Kc2 Nd7 31. Kd3 Nc5+ 32. Nxc5 Bxc5 33. h3 Kf8 34. g4 Ke7 35. b3 Kd6 36. Bg2 b5 37. Bf3 Bf2 38. Be2 Kc5 39. a4 a5 40. Bd1 Kb4 41. Bc2 bxa4 42. bxa4 c5 43. Bd1 c4+ 44. Ke4 Kc3 45. Be2 Kb3 46. Bd1+ Kb2 47. Kf3 Bc5 48. Ke4 c3 49. Kd3 Bd6 50. Bc2 Bxf4 51. Bd1 Be5 52. Bc2 Kc1 53. Bb3 Kb2 54. Bc2 Ka3 55. Bd1 Kb4 56. Bc2 Kc5 57. Bd1 Kb4 58. Bc2 Kc5 59. Bd1 Bd4 60. Bc2 Kd5 61. Bb3+ Ke5 62. Bxf7 Kf4 63. Bb3 Be5 64. Bd1 Kg3 65. Kc2 Kxh3 66. Kd3 Kg3 67. Ke3 Kg2 68. Ke2 Bf4 69. Bc2 Kg3 70. Kd3 Kxg4 71. Kxc3 h5 72. Kd3 h4 73. Ke2 Kg3 74. Kf1 Be3 75. Be4 h3 76. Bd5 h2 77. Be4 Kf4 78. Bc6 Kxf5 79. Kg2 Bf4 80. Kh1 Ke5 81. Kg2 Kd4 82. Kh1 Ke3 83. Kg2 Be5 84. Bb7 f5 85. Bc6 Bd6 86. Bb7 f4 87. Bc6 Bc5 88. Bd5 Bd4 89. Bc6 h1=Q+ 90. Kxh1 f3 91. Kg1 Ke2+ 92. Kh2 f2 93. Bb5+ Ke1 94. Kg2 Bc5 95. Bf1 Bd4 96. Bb5 Bc5 97. Bf1 Bd4 98. Bb5 1/2-1/2


[Site "https://www.chess.com"]

[Event "Titled Tuesday Blitz February 15 Late 2022"]
[White "Delaney, Killian"]
[Black "Weetik, Vjacheslav"]
[WhiteFideId "2501570"]
[BlackFideId "4153472"]
[WhiteElo "2306"]
[BlackElo "2469"]
[Result "0-1"]
[Round "06"]
[TimeControl "180+1"]
[Date "2022.02.16"]
[WhiteClock "0:00:01"]
[BlackClock "0:00:05"]

1. d4 Nf6 2. g4 d5 3. g5 Ne4 4. f3 Nd6 5. Nc3 Nf5 6. Bf4 e6 7. Qd2 Bd6 8. Bxd6 Qxd6 9. O-O-O Nc6 10. Nb5 Qd8 11. e4 Nfe7 12. exd5 exd5 13. Qf4 O-O 14. Qxc7 Nf5 15. Qxd8 Rxd8 16. c3 Ne3 17. Re1 Nxf1 18. Rxf1 Bf5 19. Na3 Rac8 20. Kd2 b5 21. Ne2 b4 22. Nc2 bxc3+ 23. bxc3 Bxc2 24. Kxc2 Na5 25. Rb1 Rc7 26. Ng3 Rdc8 27. Ne2 Nc4 28. Rb3 Re8 29. Ng3 g6 30. Rhb1 Re3 31. Rb8+ Kg7 32. R1b3 Rxf3 33. R8b7 Rf2+ 34. Kc1 Rxb7 35. Rxb7 Rxa2 36. h4 Rh2 37. h5 gxh5 38. Nf5+ Kg6 39. Ne7+ Kxg5 40. Nxd5 h4 41. Rxf7 h3 42. Rxh7 a5 43. Kd1 Kf5 44. Ke1 a4 45. Nb4 a3 46. Kf1 Kg4 47. Kg1 Rg2+ 48. Kh1 a2 49. Rg7+ Kf3 50. Rf7+ Ke4 51. Nxa2 Rxa2 52. Rh7 Ne3 53. Rxh3 Rc2 54. Rg3 Rxc3 55. d5 Kxd5 56. Kg1 Ke4 57. Rg8 Rc1+ 58. Kh2 Rc2+ 59. Kh1 Kf4 60. Kg1 Nf5 61. Kh1 Kf3 62. Kg1 Ng3 63. Rf8+ Ke3 64. Re8+ Ne4 65. Kh1 Rb2 66. Kg1 Kf4 67. Kh1 Kg3 68. Rg8+ Kf3 69. Rf8+ Kg4 70. Rg8+ Ng5 71. Kg1 Kf4 72. Rf8+ Kg3 73. Rg8 Kg4 74. Kf1 Kf4 75. Ke1 Ke3 76. Kd1 Ne4 77. Kc1 Rh2 78. Re8 Kd3 79. Rd8+ Kc4 80. Rc8+ Nc5 81. Kd1 Kd3 82. Ke1 Ne4 83. Kf1 Ke3 84. Kg1 Rb2 85. Ra8 Kf4 86. Ra3 Ng5 87. Rc3 Nf3+ 88. Kf1 Kg3 0-1


[Site "https://www.chess.com"]

[Event "Titled Tuesday Blitz February 15 Late 2022"]
[White "Desideri, Ricardo Maruchi"]
[Black "Jimenez Fernandez, Rebeca"]
[WhiteFideId "2110440"]
[BlackFideId "32070934"]
[WhiteElo "1945"]
[BlackElo "1853"]
[Result "0-1"]
[Round "06"]
[TimeControl "180+1"]
[Date "2022.02.16"]
[WhiteClock "0:00:01"]
[BlackClock "0:00:25"]

1. e4 c5 2. Nf3 Nc6 3. d4 cxd4 4. Nxd4 g6 5. Nc3 Bg7 6. Be3 Nf6 7. Bc4 Qa5 8. O-O O-O 9. h3 d6 10. f4 Qb4 11. Bb3 Nxd4 12. Bxd4 Nxe4 13. Bxg7 Kxg7 14. Nxe4 Qxe4 15. Qd2 e6 16. Rae1 Qc6 17. Qd4+ Kg8 18. Rd1 Qc5 19. Qxc5 dxc5 20. Rd6 b6 21. Rfd1 Ba6 22. Rd7 Bb5 23. R7d6 Kg7 24. a4 Ba6 25. Rd7 Kf6 26. g4 b5 27. c3 bxa4 28. Bc2 Bb5 29. g5+ Kg7 30. R7d6 a6 31. R1d2 Rfc8 32. h4 Kf8 33. Kh2 Ke7 34. Kg3 Rd8 35. Rxd8 Rxd8 36. Rxd8 Kxd8 37. Kf3 Ke7 38. Ke3 Kd6 39. Ke4 Bc6+ 40. Ke3 Bd5 41. Kd3 Bb3 42. Bb1 Kd5 43. Ke3 c4 0-1


[Site "https://www.chess.com"]

[Event "Titled Tuesday Blitz February 15 Late 2022"]
[White "Dreev, Aleksey"]
[Black "Vidit, Santosh Gujrathi"]
[WhiteFideId "4100107"]
[BlackFideId "5029465"]
[WhiteElo "2636"]
[BlackElo "2654"]
[Result "1/2-1/2"]
[Round "06"]
[TimeControl "180+1"]
[Date "2022.02.15"]
[WhiteClock "0:00:06"]
[BlackClock "0:00:02"]

1. d4 Nf6 2. c4 e6 3. Nc3 Bb4 4. Qc2 O-O 5. a3 Bxc3+ 6. Qxc3 d6 7. Nf3 Re8 8. Bg5 h6 9. Bh4 Nbd7 10. e3 g5 11. Bg3 Ne4 12. Qc2 f5 13. Bd3 Ndf6 14. O-O-O b6 15. h4 g4 16. Nd2 Nxg3 17. fxg3 Nh5 18. e4 Nxg3 19. Rhe1 f4 20. e5 Kh8 21. d5 dxe5 22. Rxe5 Qf6 23. Rde1 f3 24. gxf3 gxf3 25. Nxf3 Qxf3 26. Qc3 Qf6 27. Bc2 Rg8 28. dxe6 Bb7 29. e7 Rae8 30. Kb1 Rg7 31. Qe3 Bc8 32. h5 Bf5 33. Bxf5 Nxf5 34. Qf4 Rf7 35. Rf1 Rexe7 36. Rxf5 Qxf5+ 37. Qxf5 Rxf5 38. Rxf5 Kg7 39. c5 Rf7 40. Rd5 Kf6 41. c6 Ke6 42. Rd8 Rf5 43. Rd7 Rf7 44. Rd8 a5 45. Kc2 Ke5 46. Rd7 Ke6 47. Rd8 Rf5 48. Rc8 Kd6 49. Rg8 Rxh5 50. Rg6+ Kc5 51. b3 b5 52. Kc3 Rh3+ 53. Kc2 h5 54. a4 bxa4 55. bxa4 h4 56. Rg5+ Kb6 57. Rb5+ Kxc6 58. Rxa5 Ra3 59. Ra6+ Kb7 60. Ra5 h3 61. Rh5 Rg3 62. Kb2 Kb6 63. a5+ Ka6 64. Kc2 c6 65. Kb2 Rf3 66. Kc2 Re3 67. Kd2 Rg3 68. Kc2 Ra3 69. Kb2 Re3 70. Kc2 Kb7 71. Kd2 Rg3 72. Kc2 Rg2+ 73. Kc3 h2 74. Kc4 Ka6 75. Kb4 Rc2 76. Kb3 Rg2 77. Kb4 Rf2 78. Kc4 Re2 79. Kb4 Rd2 80. Kc3 Ra2 81. Kb3 Rg2 82. Kb4 1/2-1/2


[Site "https://www.chess.com"]

[Event "Titled Tuesday Blitz February 15 Late 2022"]
[White "Dubov, Daniil"]
[Black "Chigaev, Maksim"]
[WhiteFideId "24126055"]
[BlackFideId "4108116"]
[WhiteElo "2791"]
[BlackElo "2502"]
[Result "1-0"]
[Round "06"]
[TimeControl "180+1"]
[Date "2022.02.15"]
[WhiteClock "0:00:04"]
[BlackClock "0:00:01"]

1. d4 Nf6 2. Bf4 d6 3. Nc3 Nbd7 4. Nf3 c5 5. d5 Qa5 6. Nd2 b5 7. a3 a6 8. e4 g6 9. Be2 Bg7 10. O-O O-O 11. Re1 Qc7 12. Bf1 Bb7 13. Qc1 Rfe8 14. a4 b4 15. Nd1 Nh5 16. Be3 e6 17. dxe6 Rxe6 18. Bc4 Ree8 19. Qb1 Ne5 20. Qa2 Nxc4 21. Qxc4 Rad8 22. f3 d5 23. Qxc5 Qxc5 24. Bxc5 dxe4 25. Bxb4 exf3 26. Nxf3 Nf4 27. Nc3 h6 28. Rxe8+ Rxe8 29. Re1 Rd8 30. Kf2 g5 31. h3 Bc6 32. b3 Rc8 33. Re3 f5 34. Ba5 Be4 35. Nxe4 fxe4 36. Rxe4 Rxc2+ 37. Bd2 Rb2 38. Kf1 Nd3 39. b4 Rb1+ 40. Ke2 Nb2 41. Re6 Nxa4 42. Rxa6 Nc3+ 43. Kd3 Nd5 44. Ke4 Nf6+ 45. Kf5 Ne8 46. Kg6 1-0


[Site "https://www.chess.com"]

[Event "Titled Tuesday Blitz February 15 Late 2022"]
[White "Fedoseev, Vladimir"]
[Black "Wagner, Dennis"]
[WhiteFideId "24130737"]
[BlackFideId "24650684"]
[WhiteElo "2726"]
[BlackElo "2355"]
[Result "1-0"]
[Round "06"]
[TimeControl "180+1"]
[Date "2022.02.15"]
[WhiteClock "0:01:03"]
[BlackClock "0:00:15"]

1. d4 Nf6 2. Nf3 d5 3. Bf4 Bf5 4. c4 e6 5. Qb3 dxc4 6. Qxc4 Nbd7 7. Nc3 c5 8. e3 Qa5 9. Qb5 Qxb5 10. Nxb5 Nd5 11. Nd6+ Bxd6 12. Bxd6 Nb4 13. Kd2 O-O-O 14. Bb5 a6 15. Bxd7+ Rxd7 16. Bxc5 Nd3 17. Ke2 Nxc5 18. Rhc1 b6 19. dxc5 bxc5 20. Rxc5+ Kb7 21. Ne5 Re7 22. Rac1 f6 23. Nc6 Rd7 24. Nd4 Bg4+ 25. f3 e5 26. Nc6 Be6 27. Na5+ Kb8 28. b3 Rhd8 29. Nc6+ 1-0


[Site "https://www.chess.com"]

[Event "Titled Tuesday Blitz February 15 Late 2022"]
[White "Foisor, Sabina-Francesca"]
[Black "Josse, Mark"]
[WhiteFideId "1212915"]
[BlackFideId "414476"]
[WhiteElo "2243"]
[BlackElo "2277"]
[Result "1-0"]
[Round "06"]
[TimeControl "180+1"]
[Date "2022.02.16"]
[WhiteClock "0:00:06"]
[BlackClock "0:00:17"]

1. d4 d5 2. c4 c6 3. Nf3 Nf6 4. Nbd2 e6 5. e3 Nbd7 6. Bd3 Be7 7. O-O O-O 8. Qe2 Re8 9. b3 b6 10. Bb2 Bb7 11. Rad1 Qc7 12. Rfe1 c5 13. h3 Ne4 14. Bb1 Rad8 15. Ne5 f6 16. Nd3 Nxd2 17. Qxd2 dxc4 18. bxc4 cxd4 19. exd4 Qxc4 20. Nf4 e5 21. Rc1 Qf7 22. Rc7 Ba8 23. Nd3 exd4 24. Rxa7 Bd6 25. Bc2 Kh8 26. Rxe8+ Rxe8 27. Bb3 Qg6 28. f3 Ne5 29. Nxe5 fxe5 30. Bc2 Qg3 31. Ba4 Rf8 32. Qf2 Qxf2+ 33. Kxf2 Bc5 34. Ke2 e4 35. fxe4 Bxe4 36. Bb5 Bxg2 37. Bd3 Bxh3 38. a4 Bg4+ 39. Kd2 h5 40. a5 bxa5 41. Kc2 h4 42. Rxa5 Bb4 43. Ra4 Bc3 44. Bxc3 dxc3 45. Rxg4 h3 46. Rh4+ Kg8 47. Bc4+ Rf7 48. Rxh3 Kf8 49. Bxf7 Kxf7 50. Kxc3 1-0


[Site "https://www.chess.com"]

[Event "Titled Tuesday Blitz February 15 Late 2022"]
[White "Freitag, Manfred"]
[Black "Timofeev, Artyom"]
[WhiteFideId "1602004"]
[BlackFideId "4140419"]
[WhiteElo "2275"]
[BlackElo "2583"]
[Result "0-1"]
[Round "06"]
[TimeControl "180+1"]
[Date "2022.02.15"]
[WhiteClock "0:00:01"]
[BlackClock "0:00:16"]

1. e4 c5 2. Nf3 d6 3. d4 cxd4 4. Nxd4 Nf6 5. Nc3 a6 6. Bg5 e6 7. f4 Be7 8. Qf3 Qc7 9. O-O-O Nbd7 10. g4 b5 11. Bxf6 gxf6 12. f5 Ne5 13. Qh3 Bd7 14. Rg1 b4 15. Nce2 Nc6 16. Nxc6 Qxc6 17. Rg3 Rc8 18. Nd4 Qa4 19. Kb1 e5 20. Nb3 Qc6 21. Bd3 d5 22. exd5 Qxd5 23. Qf1 Bb5 24. Bxb5+ Qxb5 25. Rgd3 Qc4 26. Qg2 O-O 27. Rd7 Rfd8 28. Rxd8+ Bxd8 29. Qd2 Be7 30. Qd3 Kg7 31. h3 h5 32. Nd2 Qxd3 33. cxd3 hxg4 34. hxg4 Rh8 35. Ne4 Rh2 36. Rg1 Bd8 37. b3 Bb6 38. Rg3 Bd4 39. g5 fxg5 40. Rxg5+ Kf8 41. f6 Rb2+ 42. Kc1 Rxa2 43. Rg7 Ke8 44. Nd6+ Kd7 45. Nxf7 Ke6 46. Nd8+ Kxf6 47. Rc7 a5 48. Nc6 Bc3 49. Rd7 Ke6 50. Rd8 a4 51. d4 axb3 52. d5+ Kf5 53. Rf8+ Ke4 54. Kd1 b2 55. Kc2 Ra1 0-1


[Site "https://www.chess.com"]

[Event "Titled Tuesday Blitz February 15 Late 2022"]
[White "Gatterer, Florian"]
[Black "Domingo Nunez, Alejandro"]
[WhiteFideId "811688"]
[BlackFideId "22245561"]
[WhiteElo "2218"]
[BlackElo "2215"]
[Result "0-1"]
[Round "06"]
[TimeControl "180+1"]
[Date "2022.02.16"]
[WhiteClock "0:00:27"]
[BlackClock "0:02:10"]

1. Nf3 g6 2. e4 Bg7 3. d4 c6 4. c4 d5 5. Nc3 dxe4 6. Nxe4 Nf6 7. Nxf6+ exf6 8. Be2 O-O 9. O-O Re8 10. h3 Na6 11. Be3 Bf5 12. a3 Qd7 13. Nh4 Be6 14. Qc2 Bf8 15. Rfd1 Bd6 16. d5 cxd5 17. cxd5 Bxh3 18. gxh3 Qxh3 19. Nf3 g5 20. Rd4 Rac8 21. Qb1 Nc5 22. b4 Na4 23. Nxg5 Qh2+ 24. Kf1 Qh1# 0-1


[Site "https://www.chess.com"]

[Event "Titled Tuesday Blitz February 15 Late 2022"]
[White "Gerbelli Neto, Eduardo"]
[Black "Qashashvili, Alexandre"]
[WhiteFideId "2103281"]
[BlackFideId "13600842"]
[WhiteElo "2178"]
[BlackElo "2316"]
[Result "0-1"]
[Round "06"]
[TimeControl "180+1"]
[Date "2022.02.16"]
[WhiteClock "0:00:03"]
[BlackClock "0:00:12"]

1. e4 c6 2. d4 d5 3. exd5 cxd5 4. c4 Nc6 5. Nc3 Nf6 6. Nf3 Bf5 7. Qb3 Qb6 8. cxd5 Qxb3 9. axb3 Nb4 10. Bb5+ Bd7 11. Bxd7+ Kxd7 12. Ne5+ Ke8 13. O-O Nfxd5 14. Bd2 e6 15. Nxd5 Nxd5 16. Rfe1 Bd6 17. Nc4 Kd7 18. g3 a6 19. Bc3 Rac8 20. Rac1 f6 21. f4 Bb4 22. Kf2 Bxc3 23. bxc3 b5 24. Ne3 Nxc3 25. f5 Ne4+ 26. Kf3 Ng5+ 27. Kf4 Rxc1 28. Rxc1 exf5 29. Nxf5 g6 30. Nh4 Re8 31. g4 Re4+ 32. Kg3 Rxd4 33. Ra1 Rd3+ 34. Kf4 Rh3 35. Rxa6 Rxh4 36. Rxf6 Ne6+ 37. Kg3 g5 38. Rf5 h6 39. Rxb5 Nf4 40. Rb7+ Kc8 41. Rh7 Rh3+ 42. Kf2 Rxh2+ 43. Ke3 Rh3+ 44. Kd4 Rxb3 45. Rxh6 Rb5 46. Rh7 Kd8 47. Kc4 Ra5 48. Kd4 Ke8 49. Ke4 Kf8 50. Rb7 Kg8 51. Rb6 Kg7 52. Rb7+ Kf6 53. Rb6+ Ne6 54. Rc6 Ra4+ 55. Kf3 Ke5 56. Rb6 Ra3+ 57. Kg2 Nf4+ 58. Kf2 Nd5 59. Rb5 Ke4 60. Kg2 Ne3+ 61. Kh3 Nf5+ 62. Kh2 Ne3 63. Kh3 Kf4 64. Rb4+ Kf3 0-1


[Site "https://www.chess.com"]

[Event "Titled Tuesday Blitz February 15 Late 2022"]
[White "Goltsev, Dmitry"]
[Black "Pinto, Daniel"]
[WhiteFideId "24176710"]
[BlackFideId "3303144"]
[WhiteElo "2273"]
[BlackElo "1938"]
[Result "0-1"]
[Round "06"]
[TimeControl "180+1"]
[Date "2022.02.16"]
[WhiteClock "0:00:19"]
[BlackClock "0:00:13"]

1. e4 e5 2. Nf3 Nc6 3. Bb5 Nf6 4. O-O Nxe4 5. d4 Nd6 6. Bxc6 dxc6 7. dxe5 Nf5 8. Qxd8+ Kxd8 9. Rd1+ Ke8 10. Bg5 Be6 11. Nc3 h6 12. Bd2 Be7 13. h3 Rd8 14. g4 Nd4 15. Nxd4 Rxd4 16. Be3 Rxd1+ 17. Rxd1 b6 18. f4 g6 19. Ne4 h5 20. Nf2 hxg4 21. hxg4 Bh4 22. g5 Bxf2+ 23. Bxf2 Bd5 24. Kf1 Rh1+ 25. Bg1 Rh3 26. Rd2 Rf3+ 27. Rf2 Rxf2+ 28. Bxf2 Bxa2 29. Ke2 Bc4+ 30. Ke3 Kd7 31. Kd4 Bf1 32. Be1 Ke6 33. b4 Kf5 34. Bd2 Bg2 35. c4 Bf1 36. Be1 Kxf4 37. Bd2+ Kf5 38. Bc1 Bh3 39. Bd2 Kg4 40. Bc1 Kf3 41. Bd2 Be6 42. Kd3 Kg4 43. Kd4 Kf5 44. c5 b5 45. Bc1 Kg4 46. Bd2 Bd5 47. Bc1 Kf3 48. Bd2 Ke2 49. Bf4 Be6 50. Bh2 Kd2 51. Bg3 Kc2 52. Be1 Kb3 53. Bd2 Bd5 54. Be1 Kc2 55. Bc3 Kd1 56. Kd3 Bc4+ 57. Kd4 Ke2 58. Bb2 Bd5 59. Bc3 Be6 60. Ke4 Bf5+ 61. Kd4 Kf3 62. Bd2 Be6 63. Bc1 Ke2 64. Bb2 Kd1 65. Bc3 Kc2 66. Be1 Kb3 67. Bd2 Bh3 68. Be1 Bf1 69. Bd2 Ka4 70. Be1 a5 71. bxa5 b4 72. e6 fxe6 73. Ke5 Kxa5 74. Kxe6 Kb5 75. Bf2 Kc4 76. Bg3 b3 77. Be5 Kxc5 78. Kf6 Bd3 79. Bb2 Kd5 80. Ke7 c5 81. Kd7 c6 82. Kc7 Be4 83. Bc3 Kc4 84. Bb2 Kb4 85. Kd6 c4 86. Bd4 Bf5 87. Bc5+ Kc3 88. Kc7 Kc2 89. Kb7 c3 90. Kb6 b2 91. Ka7 Kb3 92. Ka8 c2 93. Bb6 b1=Q 94. Kb7 Qb2 95. Bc5 Kc4+ 96. Kc7 Kxc5 97. Kd8 Qb8+ 98. Ke7 Qd6+ 99. Kf7 Qc7+ 100. Kg8 Kd6 101. Kh8 Ke6 102. Kg8 Be4 103. Kh8 Kf5 104. Kg8 Kxg5 105. Kh8 Kh6 106. Kg8 Qd7 107. Kf8 Qc7 108. Ke8 Kg5 109. Kf8 Kf6 110. Kg8 Qg7# 0-1


[Site "https://www.chess.com"]